 Dungeon Crawl Stone Soup version 0.31-a0-222-gefeffbb62a (webtiles) character file.

Game seed: 11886856809053104108

462 Demosthentine the Ducker (level 6, -1/48 HPs)
             Began as a Demonspawn Gladiator on July 5, 2023.
             Slain by Prince Ribbit (13 damage)
             ... on level 5 of the Dungeon.
             The game lasted 00:02:43 (3762 turns).

Demosthentine the Ducker (Demonspawn Gladiator)     Turns: 3762, Time: 00:02:44

Health: -1/48      AC:  9    Str: 17    XL:     6   Next: 79%
Magic:  0/6        EV: 13    Int:  9    God:
Gold:   171        SH:  0    Dex: 14    Spells: 5/5 levels left

rFire   . . .        a - +0 trident (freeze)
rCold   . . .        (no shield)
rNeg    . . .        b - +0 leather armour
rPois   .            c - +1 helmet
rElec   .            (no cloak)
rCorr   .            (no gloves)
SInv    .            g - +0 pair of boots
Will    +....        h - amulet of guardian spirit
Stlth   +            f - ring of willpower
HPRegen 0.28/turn    (no ring)
MPRegen 0.10/turn

%: guardian spirit
@: no status effects
A: slimy green scales 2, demonic magic 1
a: no special abilities


You were on level 5 of the Dungeon.
You visited 1 branch of the dungeon, and saw 5 of its levels.

You collected 171 gold pieces.

Inventory:

Hand Weapons
 a - a +0 trident of freezing (weapon)
Missiles
 d - a throwing net (quivered)
 e - a javelin
 p - 9 poisoned darts
Armour
 b - a +0 leather armour (worn)
 c - a +1 helmet (worn)
 g - a +0 pair of boots (worn)
Jewellery
 f - a ring of willpower (left hand)
 h - an amulet of guardian spirit (around neck)
Wands
 r - a wand of iceblast (5)
Scrolls
 k - a scroll of summoning
 q - a scroll of vulnerability
 s - a scroll of enchant armour
 v - 2 scrolls of amnesia
Potions
 i - a potion of resistance {unknown}
 j - a potion of curing
 l - a potion of invisibility {unknown}
 m - a potion of enlightenment {unknown}
 n - a potion of heal wounds {unknown}
 o - a potion of might {unknown}
 t - a potion of degeneration {unknown}
 u - a potion of lignification {unknown}
 w - a potion of magic {unknown}


   Skills:
 + Level 4.0 Fighting
 + Level 4.1 Polearms
 - Level 1.7 Throwing
 + Level 3.0 Armour
 + Level 4.2 Dodging


You had 5 spell levels left.
You didn't know any spells.
Your spell library contained the following spells:

 Spells                   Type           Power      Damage    Failure   Level
 Vhi's Electric Charge    Tloc/Air       0%         N/A       82%         3
 Arcjolt                  Conj/Air       0%         1d10      100%        5
 Maxwell's Capacitive Co  Air            0%         ∞         100%        8


Dungeon Overview and Level Annotations

Branches:
Dungeon (5/15)
 Temple: D:4-7

Altars:
Gozag

Annotations:
D:5 Prince Ribbit


Innate Abilities, Weirdness & Mutations

You are mostly covered in slimy green scales. (AC +3)
Spells you cast may paralyse adjacent enemies.


Message History

Prince Ribbit misses you.
You hit Prince Ribbit. You freeze Prince Ribbit.
Prince Ribbit is moderately wounded.
Prince Ribbit hits you! Prince Ribbit completely misses you.
You are too injured to fight recklessly!
You are too injured to fight recklessly!
You are too injured to fight recklessly!
You are too injured to fight recklessly!
You feel better. Prince Ribbit hits you.
You barely miss Prince Ribbit.
Prince Ribbit is moderately wounded.
Prince Ribbit blinks!
You closely miss Prince Ribbit.
Prince Ribbit is moderately wounded.
Prince Ribbit closely misses you.
You puncture Prince Ribbit! You freeze Prince Ribbit.
Prince Ribbit is heavily wounded.
Prince Ribbit closely misses you. Prince Ribbit hits you.
You are too injured to fight recklessly!
You are too injured to fight recklessly!
You are too injured to fight recklessly!
You are too injured to fight recklessly!
You are too injured to fight recklessly!
You miss Prince Ribbit.
Prince Ribbit is heavily wounded.
Prince Ribbit closely misses you.
You closely miss Prince Ribbit.
Prince Ribbit is heavily wounded.
Prince Ribbit barely misses you. Prince Ribbit hits you.
You barely miss Prince Ribbit.
Prince Ribbit is heavily wounded.
Prince Ribbit hits you but does no damage.
You barely miss Prince Ribbit.
Prince Ribbit is heavily wounded.
Prince Ribbit closely misses you. Prince Ribbit hits you!
* * * LOW HITPOINT WARNING * * *
You closely miss Prince Ribbit.
Prince Ribbit is heavily wounded.
Prince Ribbit hits you!
You die...

.##.. #...........#
.......###..............
.(..#..#.............###
#..#..#..........##(#
##........#.###.#.# .#
................#.# #
#................
#.#...F##.###.#...
#..@.##.# #.#
...............
.#....##.##.... ..?...
........ ..... ..##.###
..... ... ##.. ##.. ...
#.#


You could see Prince Ribbit.

Vanquished Creatures
  Grinder (D:3)
  A scorpion (D:4)
  A hound (D:4)
  2 orc priests (D:3)
  An iguana (D:4)
  An adder (D:3)
  A white imp (D:3)
  2 dart slugs
  9 orcs
  3 bats
  5 endoplasms
  A giant cockroach (D:4)
  11 goblins
  13 hobgoblins
  9 kobolds
  A quokka (D:3)
  11 ball pythons
  A frilled lizard (D:1)
74 creatures vanquished.

Notes
Turn   | Place    | Note
-------+----------+-------------------------------------------
     0 | D:1      | Demosthentine the Demonspawn Gladiator began the quest for
                  | the Orb.
     0 | D:1      | Reached XP level 1. HP: 16/16 MP: 1/1
     1 | D:1      | Noticed an electric eel
   233 | D:1      | Gained mutation: You are partially covered in slimy green
                  | scales. (AC +2) [demonic ancestry]
   233 | D:1      | Reached XP level 2. HP: 20/22 MP: 2/2
   667 | D:1      | Found a faded altar of an unknown god.
   975 | D:2      | Reached skill level 1 in Armour
  1008 | D:2      | Reached XP level 3. HP: 28/28 MP: 3/3
  1697 | D:3      | Found an opulent altar of Gozag.
  1975 | D:3      | Noticed Grinder
  1976 | D:3      | Paralysed by Grinder for 3 turns
  1997 | D:3      | Killed Grinder
  1998 | D:3      | Gained mutation: You are mostly covered in slimy green
                  | scales. (AC +3) [demonic ancestry]
  1998 | D:3      | Reached XP level 4. HP: 22/35 MP: 4/4
  1998 | D:3      | Reached XP level 5. HP: 25/41 MP: 5/5
  2358 | D:3      | Gained mutation: Spells you cast may paralyse adjacent
                  | enemies. [demonic ancestry]
  2358 | D:3      | Reached XP level 6. HP: 47/47 MP: 6/6
  3737 | D:5      | Entered Level 5 of the Dungeon
  3747 | D:5      | Noticed Prince Ribbit
  3762 | D:5      | Slain by Prince Ribbit

Illustrated notes

Levels and vault maps discovered:
D:1:      arrival_aquarium_a, layout_loops_corners, basic_ecumenical_altar
D:2:      layout_loops_ring, minmay_misc_feat_cross
D:3:      layout_basic, mainiacjoe_overflow_cross_hatched, serial_forest,
          infiniplex_forest_lined_4_way, infiniplex_forest_zigzag_2,
          infiniplex_forest_diagonal, infiniplex_forest_clump_large,
          infiniplex_forest_clump_small, infiniplex_forest_end_2,
          infiniplex_forest_straight_2, infiniplex_forest_end_1,
          infiniplex_forest_clump_small, grunt_ministairs_4, uniq_grinder
D:4:      layout_loops_corners
D:5:      layout_basic, nicolae_overflow_hidden_temple,
          mainiacjoe_overflow_catwalk, serial_shops, nicolae_shop_crystal,
          uniq_ijyb, uniq_prince_ribbit1

Skill      XL: |  1  2  3  4  5  6 |
---------------+-------------------+-----
Armour         | 1 2 3 |  3.0
Dodging        | 3 4 |  4.2
Polearms       | 3 4 |  4.1
Fighting       | 3 4 |  4.0
Throwing       | |  1.7

Action                     |  1- 3 |  4- 6 || total
---------------------------+-------+-------++-------
  Melee: Trident           |   117 |   117 ||   234
         Punch             |     1 |     1 ||     2
  Throw: Throwing net      |     1 |     1 ||     2
    Use: Scroll            |     6 |     1 ||     7
         Potion            |       |     1 ||     1
   Stab: Sleeping          |     1 |       ||     1
 Armour: Leather armour    |    28 |    18 ||    46
  Dodge: Dodged            |    59 |    52 ||   111

Table legend: (Time is in decaauts)
 A = Elapsed time spent in this place.
 B = Non-inter-level travel time spent in this place.
 C = Inter-level travel time spent in this place.
 D = Time resting spent in this place.
 E = Time spent auto-exploring this place.
 F = Levels seen in this place.
 G = Mean time per level.
                   A        B        C        D        E       F      G
               +--------+--------+--------+--------+--------+-----+--------+
         Total |   3790 |   3656 |    134 |    100 |   3043 |   5 |  758.0 |
       Dungeon |   3790 |   3656 |    134 |    100 |   3043 |   5 |  758.0 |
               +--------+--------+--------+--------+--------+-----+--------+

Top non-repeatable levels by time:
     D:3: 1147 daAuts
     D:1: 939 daAuts
     D:4: 932 daAuts
     D:2: 745 daAuts
     D:5: 25 daAuts
